 Dungeon Crawl Stone Soup version 0.18-a0-33-g9e10395 (webtiles) character file.

1761 TruthSerum the Fighter (level 9, 0/101 HPs)
             Began as an Ogre Berserker on Nov 6, 2015.
             Was an Elder of Trog.
             Splashed by a jelly's acid (10 damage)
             ... on level 6 of the Dungeon.
             The game lasted 00:20:57 (5601 turns).

TruthSerum the Fighter (Ogre Berserker)             Turns: 5601, Time: 00:20:57

Health: 0/101      AC: -10   Str: 29    XL:     9   Next: 7%
Magic:  9/9        EV: 11    Int:  6    God:    Trog [****..]
Gold:   288        SH:  0    Dex: 12    Spells: 0 memorised, 8 levels left

rFire  . . .     SeeInvis .     s - +1 giant spiked club
rCold  . . .     Clarity  .     m - +2 robe {rN+}
rNeg   + . .     SustAt   .     (shield currently unavailable)
rPois  .         Gourm    .     (helmet restricted)
rElec  .         Spirit   .     (no cloak)
rCorr  .         Warding  .     (gloves unavailable)
rMut   .         Stasis   .     (boots unavailable)
MR     .....                    (no amulet)
Stlth  +.........               (no ring)
                                (no ring)

@: mighty, corroded equipment, not resistant to hostile enchantments, very
unstealthy
A: unfitting armour, tough skin 1
a: Berserk, Trog's Hand, Brothers in Arms, Burn Spellbooks, Renounce Religion


You were on level 6 of the Dungeon.
You worshipped Trog.
Trog was greatly pleased with you.
You were not hungry.

You visited 1 branch of the dungeon, and saw 6 of its levels.

You collected 288 gold pieces.

Inventory:

Hand Weapons
 s - a +1 giant spiked club (weapon)
Armour
 m - a +2 robe of positive energy (worn)
Wands
 b - a wand of confusion (28)
 i - a wand of digging (18)
Scrolls
 e - a scroll of teleportation
 n - a scroll of remove curse
 t - a scroll of random uselessness {unknown}
 x - 2 scrolls of identify
 y - a scroll of enchant armour
Potions
 a - 2 potions of lignification
 d - 2 potions of might
 f - 2 potions of haste
 g - 3 potions of brilliance
 h - a potion of magic
 k - a potion of poison {unknown}
 l - a potion of cure mutation {unknown}
 q - 2 potions of curing {unknown}
 u - a potion of heal wounds {unknown}
 v - a potion of ambrosia {unknown}
Comestibles
 c - 4 bread rations
 j - a beef jerky
 o - a royal jelly
 p - 2 meat rations
 r - a slice of pizza
 w - a chunk of flesh


   Skills:
 + Level 9.7 Fighting
 + Level 9.7 Maces & Flails
 - Level 3.4 Armour
 - Level 4.5 Dodging


You had 8 spell levels left.
You didn't know any spells.

Dungeon Overview and Level Annotations

Branches:
Dungeon (6/15)             Temple (0/1) D:6

Altars:
Fedhas
Trog
Vehumet
Xom
Yredelemnul

Annotations:
D:6 exclusion: oklob sapling


Innate Abilities, Weirdness & Mutations

You are too large for most types of armour.
You have tough skin (AC +1).


Message History

The ice beast hits you. The ice beast freezes you! The jelly barely misses you.
You closely miss the ice beast.
The ice beast is moderately wounded.
The ice beast closely misses you. The jelly hits you.
You are splashed with acid!
The acid corrodes you!
The acid burns!
The ice beast hits you. The ice beast freezes you!
* * * LOW HITPOINT WARNING * * *
You feel very mighty all of a sudden. The jelly barely misses you.
The ice beast completely misses you.
You impale the ice beast!!
You kill the ice beast!
Trog accepts your kill.
You can now call in reinforcements.
The jelly hits you.
* * * LOW HITPOINT WARNING * * *
You are splashed with acid!
The acid corrodes you!
The acid burns!
* * * LOW HITPOINT WARNING * * *
The jelly hits you.
* * * LOW HITPOINT WARNING * * *
You are splashed with acid!
The acid burns!
You die...

######## ##### #......#
#.... ######@.....# #....
..)...J......##### #....
.......[.........# #....
.................# #....
.................# #....
.......#.........# #....
.......#.........#######
.................รทรท.....
......#.........#######


You could see a jelly.

Vanquished Creatures
  A moth of wrath (D:5)
  The ghost of Ramon the Cudgeler, a novice DgFi (D:5)
  An ice beast (D:6)
  2 phantoms
  An ogre (D:4)
  A scorpion (D:4)
  A water moccasin skeleton (D:4)
  A centaur zombie (D:5)
  A crimson imp (D:5)
  2 hounds
  An orc priest (D:4)
  4 orc wizards
  Ijyb (D:2)
  An iguana (D:6)
  Jessica (D:2)
  3 worker ants
  Terence (D:2)
  4 adders
  4 oozes
  An adder skeleton (D:5)
  A worm (D:5)
  A giant gecko (D:3)
  12 orcs
  4 giant cockroaches
  9 goblins
  3 hobgoblins
  15 jackals
  14 kobolds
  5 quokkas
  5 bats
  A giant gecko zombie (D:5)
  3 giant newts
  A quokka zombie (D:5)
  7 rats
114 creatures vanquished.

Notes
Turn   | Place    | Note
--------------------------------------------------------------
     0 | D:1      | TruthSerum the Ogre Berserker began the quest for the Orb.
     0 | D:1      | Reached XP level 1. HP: 24/24 MP: 1/1
    41 | D:1      | Reached XP level 2. HP: 32/32 MP: 2/2
    80 | D:1      | Reached skill level 1 in Armour
   467 | D:2      | Noticed Ijyb
   479 | D:2      | Killed Ijyb
   479 | D:2      | Reached XP level 3. HP: 21/40 MP: 3/3
   658 | D:2      | Reached ** piety under Trog
   695 | D:2      | Reached XP level 4. HP: 41/49 MP: 4/4
   760 | D:2      | Found a radiant altar of Vehumet.
   787 | D:2      | Found a basalt altar of Yredelemnul.
  1121 | D:2      | Noticed Jessica
  1127 | D:2      | Killed Jessica
  1237 | D:2      | Noticed Terence
  1248 | D:2      | Killed Terence
  1248 | D:2      | Reached skill level 5 in Maces & Flails
  1248 | D:2      | Reached XP level 5. HP: 47/55 MP: 5/5
  2342 | D:3      | Found a blossoming altar of Fedhas.
  2342 | D:3      | Found a shimmering altar of Xom.
  2492 | D:3      | Reached skill level 5 in Fighting
  2519 | D:3      | Reached *** piety under Trog
  2533 | D:3      | Reached XP level 6. HP: 36/66 MP: 6/6
  3256 | D:4      | Reached XP level 7. HP: 45/74 MP: 7/7
  3446 | D:4      | Reached skill level 6 in Maces & Flails
  4272 | D:5      | Entered Level 5 of the Dungeon
  4297 | D:5      | Noticed Ramon's ghost (novice DgFi)
  4307 | D:5      | Killed Ramon's ghost
  4307 | D:5      | Reached skill level 7 in Fighting
  4307 | D:5      | Reached XP level 8. HP: 55/88 MP: 8/8
  4609 | D:5      | Reached skill level 8 in Fighting
  4856 | D:5      | Noticed a moth of wrath
  4859 | D:5      | Found a bloodstained altar of Trog.
  4920 | D:5      | Killed a moth of wrath
  4920 | D:5      | Reached skill level 9 in Fighting
  5306 | D:6      | Found a staircase to the Ecumenical Temple.
  5405 | D:6      | Reached XP level 9. HP: 55/100 MP: 9/9
  5601 | D:6      | Reached **** piety under Trog
  5601 | D:6      | Splashed by a jelly's acid

Vault maps used:
D:1:      dpeg_arrival_fog
D:2:      nicolae_overflow_hidden_temple, yredelemnul_altar_generic,
          roderic_serpentine_path, uniq_iyjb, uniq_terence, uniq_jessica
D:3:      gammafunk_temple_overflow_statue
D:4:      first_bread, item_on_display_a
D:5:      tgw_trog
D:6:      kennysheep_big_flooded_room, minmay_temple_entry_oklob

Action                   |  1- 3 |  4- 6 |  7- 9 || total
-------------------------+-------+-------+-------++-------
Melee: Mace              |    62 |   115 |       ||   177
       Flail             |       |    64 |       ||    64
       Giant spiked club |       |    12 |   137 ||   149
Invok: Berserk           |     1 |     1 |     1 ||     3
       Burn Spellbooks   |       |       |     1 ||     1
Evoke: Wand              |       |       |     2 ||     2
  Use: Scroll            |       |     4 |     7 ||    11
       Potion            |       |       |     1 ||     1
 Stab: Sleeping          |       |     1 |       ||     1
  Eat: Chunk             |       |    10 |     9 ||    19
